 Dungeon Crawl Stone Soup version 0.30-a0-358-g0d69a1922f (webtiles) character file.

Game seed: 10316606171366272314

2480 ders the Thaumaturge (level 9, 0/55 HPs)
             Began as a Djinni Conjurer on Nov 10, 2022.
             Was an Initiate of Ashenzari.
             Slain by a slime creature (13 damage)
             ... on level 7 of the Dungeon.
             The game lasted 00:12:06 (6641 turns).

ders the Thaumaturge (Djinni Conjurer)              Turns: 6641, Time: 00:12:07

Health: 0/55       AC:  4    Str:  6    XL:     9   Next: 81%
Gold:   640        EV: 12    Int: 24    God:    Ashenzari [......] SH:  0 Dex: 12

rFire   + + .      SeeInvis .    f - +3 short sword (chaos)
rCold   x . .      Faith    .    (no shield)
rNeg    . . .      Spirit   .    a - +1 robe
rPois   ∞          Reflect  .    (no helmet)
rElec   .          Harm     .    (no cloak)
rCorr   .          Rampage  .    m - +0 pair of gloves
Will    .....                    (boots unavailable)
Stlth   ++........               (no amulet)
HPRegen 0.29/turn                (no ring)
MPRegen 0.00/turn                (no ring)

@: flying, hasted and slowed
A: sickness immunity, fire resistance 2, cold vulnerability 1, float, innate
caster, HP casting, extra vitality 1
a: Renounce Religion


You were on level 7 of the Dungeon.
You worshipped Ashenzari.
Ashenzari was noncommittal.
You visited 2 branches of the dungeon, and saw 8 of its levels.
You also visited: Sewer and Ossuary.

You collected 640 gold pieces.

Inventory:

Hand Weapons
 f - a +3 short sword of chaos (weapon)
Missiles
 D - a throwing net
Armour
 a - a +1 robe (worn)
 k - a +2 leather armour of fire resistance
 m - a +0 pair of gloves (worn)
 y - a +0 pair of boots
Jewellery
 t - a ring of fire
Wands
 C - a wand of charming (13)
Scrolls
 b - a scroll of magic mapping {unknown}
 d - 2 scrolls of noise
 g - a scroll of teleportation
 l - 2 scrolls of enchant armour
 n - a scroll of enchant weapon
 q - 2 scrolls of poison
 r - a scroll of vulnerability
 v - 2 scrolls of identify
 B - a scroll of fog {unknown}
 F - a scroll of brand weapon
 G - a scroll of silence {unknown}
Potions
 c - 5 potions of haste
 e - 2 potions of cancellation
 h - a potion of brilliance {unknown}
 j - 6 potions of attraction
 o - 4 potions of berserk rage {unknown}
 p - 3 potions of degeneration {unknown}
 s - 4 potions of heal wounds {unknown}
 u - 3 potions of curing
 w - 2 potions of lignification {unknown}
 x - 3 potions of mutation {unknown}
 z - 2 potions of might
 A - 2 potions of invisibility {unknown}
 E - a potion of flight {unknown}


   Skills:
 - Level 2.1 Dodging
 - Level 1.5 Stealth
 + Level 10.3 Spellcasting


You had 5 spell levels left.
You knew the following spells:

 Your Spells              Type           Power      Damage    Failure   Level
a - Magic Dart            Conj           100%       1d8       1%          1
b - Swiftness             Air            58%        N/A       1%          3
c - Dazzling Flash        Conj/Hex       100%       N/A       1%          3
d - Fulminant Prism       Conj/Hex       29%        3d14      1%          4
e - Iskenderun's Mystic   Conj/Tloc      58%        2d12      1%          4
f - Summon Small Mammal   Summ           100%       N/A       1%          1
g - Momentum Strike       Conj/Tloc      100%       3d10      1%          2
h - Kindle Blastsparks    Fire/Tloc/Air  100%       2d18      1%          3
i - Searing Ray           Conj           100%       2d8       1%          2
Your spell library was empty.

Dungeon Overview and Level Annotations

Branches:
Dungeon (7/15)             Temple (1/1) D:6           Sewer (visited)
Ossuary (visited)

Altars:
Ashenzari
Cheibriados
Hepliaklqana
Okawaru
Ru


Innate Abilities, Weirdness & Mutations

You are immune to sickness and miasma.
You are immune to poison.
Your flesh is very heat resistant. (rF++)
You are vulnerable to cold. (rC-)
You float through the air rather than walking.
You learn spells naturally, not from books.
Your magical power is your life essence.
You have superior vitality. (+4 MHP)


Message History

You erupt in a blast of force!
The mystic blast hits the slime creature.
The slime creature is lightly wounded.
The slime creature is knocked back by the mystic blast.
The mystic blast hits the wraith.
The wraith is heavily damaged.
The wraith is knocked back by the mystic blast.
The wraith hits you! The wraith drains your vigour!
You feel as though you will be slow longer.
Casting: Iskenderun's Mystic Blast (dangerous; 1% risk of failure)
Confirm with . or Enter, or press ? or * to list all spells.
You erupt in a blast of force!
The mystic blast hits the wraith!
The wraith is severely damaged.
The wraith is knocked back by the mystic blast.
* * * LOW HITPOINT WARNING * * *
Casting: Iskenderun's Mystic Blast (dangerous; 1% risk of failure)
Confirm with . or Enter, or press ? or * to list all spells.
You erupt in a blast of force!
The mystic blast hits the wraith!!
You destroy the wraith!
* * * LOW HITPOINT WARNING * * *
Casting: Iskenderun's Mystic Blast (dangerous; 1% risk of failure)
Confirm with . or Enter, or press ? or * to list all spells.
You erupt in a blast of force!
The mystic blast hits the slime creature!
The slime creature is lightly wounded.
The slime creature is knocked back by the mystic blast.
The slime creature slams into the stone wall!
The slime creature is moderately wounded.
* * * LOW HITPOINT WARNING * * *
Blink to where?
Press: ? - help, Dir - move target
As you read the scroll of blinking, it crumbles to dust.
Okay, then.
Okay, then.
You feel better.
You feel yourself speed up. The slime creature closely misses you.
The slime creature barely misses you.
The slime creature attacks as you move away!
The slime creature hits you!
You die...

#.##.###............ ###
#.##...#........####
##..##.##...#.........###
#....#.##................
#....##...#........##..
##.#.######........###.
#.#.# ........###. #
#.######..########..
#..@J.......# ###.#
#####.#####.# #....
#....# ####.... ###.#.#
#....... )#..# #.##....
.) ### #.###..# ..†
#.###.## .... #.......
.#... ##....##


You could see a slime creature.

Vanquished Creatures
  Sigmund (D:3)
  A wraith (D:7)
  A water moccasin (D:6)
  An orc warrior (D:7)
  A sky beast (D:7)
  An ogre (D:5)
  A kobold brigand (D:5)
  3 bullfrogs (D:6)
  3 necrophages (D:5)
  2 scorpions (D:6)
  A howler monkey (D:5)
  7 jellies
  5 hounds
  6 orc priests
  Jessica (D:2)
  Natasha (thrice) (D:4)
  2 iguanas
  3 orc wizards
  9 mummies
  Robin (D:3)
  8 gnolls
  8 adders
  2 river rats (Sewer)
  A shadow imp (D:7)
  2 white imps
  2 ufetubi
  2 worms
  4 dart slugs
  14 orcs
  8 ball pythons
  17 endoplasms
  8 giant cockroaches
  10 hobgoblins
  7 jackals
  3 quokkas
  5 bats
  8 frilled lizards
  13 goblins
  A goblin zombie (D:5)
  2 hobgoblin zombies (Ossuary)
  8 kobolds
  5 kobold zombies
  2 orc zombies (Ossuary)
  12 rats
205 creatures vanquished.

Vanquished Creatures (others)
  A white imp (D:7)
  32 fulminant prisms
  4 fungi (D:4)
37 creatures vanquished.

Grand Total: 242 creatures vanquished

Notes
Turn   | Place    | Note
-------+----------+-------------------------------------------
     0 | D:1      | ders the Djinni Conjurer began the quest for the Orb.
     0 | D:1      | ders set off with the following spells memorised: Magic
                  | Dart, Searing Ray, Dazzling Flash, Fulminant Prism,
                  | Iskenderun's Mystic Blast.
     0 | D:1      | Reached XP level 1. HP: 15/15 MP: 0/0
    76 | D:1      | Reached XP level 2. HP: 17/21 MP: 0/0
   417 | D:1      | Reached XP level 3. HP: 22/25 MP: 0/0
   417 | D:1      | Learned a level 1 spell: Summon Small Mammal
   591 | D:1      | Reached skill level 4 in Spellcasting
  1023 | D:2      | Reached XP level 4. HP: 31/31 MP: 0/0
  1070 | D:2      | Noticed Jessica
  1074 | D:2      | Killed Jessica
  1274 | D:3      | Reached XP level 5. HP: 27/35 MP: 0/0
  1274 | D:3      | Learned a level 2 spell: Momentum Strike
  1276 | D:3      | Reached skill level 5 in Spellcasting
  1440 | D:3      | Noticed Robin
  1446 | D:3      | Killed Robin
  1699 | D:3      | Reached XP level 6. HP: 38/40 MP: 0/0
  1856 | D:3      | Noticed Sigmund
  1863 | D:3      | Killed Sigmund
  1864 | D:3      | Reached skill level 6 in Spellcasting
  2063 | D:4      | Reached XP level 7. HP: 35/45 MP: 0/0
  2063 | D:4      | Learned a level 3 spell: Kindle Blastsparks
  2121 | D:4      | Noticed Natasha
  2128 | D:4      | Killed Natasha
  2401 | D:4      | Found an iron altar of Okawaru.
  2401 | D:4      | Noticed Natasha
  2405 | D:4      | Killed Natasha
  2628 | D:4      | Noticed Natasha
  2635 | D:4      | Killed Natasha
  2736 | D:5      | Entered Level 5 of the Dungeon
  2885 | D:5      | Found a sand-covered staircase.
  2902 | Ossuary  | Entered an ossuary
  2919 | Ossuary  | Reached skill level 7 in Spellcasting
  2935 | Ossuary  | Reached XP level 8. HP: 30/50 MP: 0/0
  3202 | D:5      | Found a glowing drain.
  3206 | Sewer    | Entered a sewer
  3664 | Sewer    | Found a viscous altar of Jiyva.
  3903 | D:5      | Reached skill level 8 in Spellcasting
  4552 | D:5      | Found a hazy altar of Hepliaklqana.
  4554 | D:5      | Found a faded altar of an unknown god.
  4612 | D:6      | Reached XP level 9. HP: 51/55 MP: 0/0
  4612 | D:6      | Learned a level 3 spell: Swiftness
  4669 | D:6      | Reached skill level 9 in Spellcasting
  5943 | D:6      | Found a staircase to the Ecumenical Temple.
  6256 | Temple   | Entered the Ecumenical Temple
  6263 | Temple   | Became a worshipper of Ashenzari the Shackled
  6583 | D:7      | Reached skill level 10 in Spellcasting
  6630 | D:7      | Noticed a slime creature
  6641 | D:7      | Slain by a slime creature

Illustrated notes

Levels and vault maps discovered:
D:1:      wander_arrival_peaceful_grave, layout_loops_cross
D:2:      layout_rooms, uniq_jessica
D:3:      layout_rooms, kennysheep_another_room, uniq_robin, uniq_sigmund
D:4:      layout_rooms, nicolae_overflow_hidden_temple,
          dreamdust_mushroom_princess, uniq_natasha
D:5:      layout_basic, beargit_hepliaklqana_dungeon_heroes,
          gammafunk_temple_overflow_wave, gup_sewer_entry_spiral,
          nicolae_ossuary_entry_giza, item_on_display_a
D:6:      layout_layer_cave, minmay_temple_entry_grid,
          kennysheep_generic_room_15
D:7:      minmay_the_grid_plus [minmay_the_grid_spin_star, minmay_the_grid_fan,
          minmay_the_grid_broken_lines, minmay_the_grid_doors,
          minmay_the_grid_prize_shrinking_boxes], layout_basic,
          mainiacjoe_overflow_alcove_2
Temple:   nicolae_temple_superstar

Skill      XL: |  1  2  3  4  5  6  7  8  9 |
---------------+----------------------------+-----
Spellcasting   | 4 5 6 7 8 10 | 10.3
Dodging        | |  2.1
Stealth        | |  1.5

Action                   |  1- 3 |  4- 6 |  7- 9 || total
-------------------------+-------+-------+-------++-------
Melee: Short sword       |       |       |     2 ||     2
 Cast: Magic Dart        |    55 |    62 |   168 ||   285
       Searing Ray       |     1 |     2 |    48 ||    51
       Fulminant Prism   |       |     4 |    28 ||    32
       Iskenderun's Myst |       |     2 |    18 ||    20
       Dazzling Flash    |       |     1 |       ||     1
       Kindle Blastspark |       |       |     6 ||     6
       Swiftness         |       |       |     3 ||     3
       Momentum Strike   |       |       |     2 ||     2
  Use: Scroll            |       |       |    13 ||    13
       Potion            |       |       |     2 ||     2
Armor: Robe              |       |     7 |    12 ||    19
Dodge: Dodged            |     3 |    17 |    45 ||    65

Table legend: (Time is in decaauts)
 A = Elapsed time spent in this place.
 B = Non-inter-level travel time spent in this place.
 C = Inter-level travel time spent in this place.
 D = Time resting spent in this place.
 E = Time spent auto-exploring this place.
 F = Levels seen in this place.
 G = Mean time per level.
                   A        B        C        D        E       F      G
               +--------+--------+--------+--------+--------+-----+--------+
         Total |   6652 |   6421 |    231 |   1408 |   4108 |  10 |  665.2 |
       Dungeon |   5871 |   5649 |    222 |   1115 |   3833 |   7 |  838.7 |
        Temple |     14 |      5 |      9 |      0 |      2 |   1 |   14.0 |
         Sewer |    540 |    540 |      0 |    228 |    173 |   1 |  540.0 |
       Ossuary |    225 |    225 |      0 |     65 |    100 |   1 |  225.0 |
               +--------+--------+--------+--------+--------+-----+--------+

Top non-repeatable levels by time:
     D:6: 1718 daAuts
     D:5: 1100 daAuts
     D:1: 785 daAuts
     D:4: 775 daAuts
     D:3: 735 daAuts
   Sewer: 540 daAuts
     D:2: 448 daAuts
     D:7: 307 daAuts
 Ossuary: 225 daAuts
  Temple: 14 daAuts
